 Dungeon Crawl Stone Soup version 0.25.0-33-gff14898491 (webtiles) character file.

Game seed: 18216469187710689703

923 Ethylacetat the Slicer (level 8, -2/54 HPs)
             Began as an Octopode Assassin on July 6, 2020.
             Slain by a sky beast (5 damage)
             ... on level 5 of the Dungeon.
             The game lasted 00:11:01 (5595 turns).

Ethylacetat the Slicer (Octopode Assassin)          Turns: 5595, Time: 00:11:01

Health: -2/54      AC:  1    Str: 13    XL:     8   Next: 10%
Magic:  8/8        EV: 13    Int: 13    God:
Gold:   313        SH:  0    Dex: 13    Spells: 7/7 levels left

rFire    . . .     SeeInvis .   a - +2 dagger
rCold    . . .     Gourm    .   (no shield)
rNeg     . . .     Faith    .   (helmet restricted)
rPois    .         Spirit   .   (no amulet)
rElec    .         Reflect  .   h - ring of protection from magic
rCorr    .         Harm     .   (no ring)
MR       +....                  (no ring)
Stlth    ++++......             (no ring)
HPRegen  0.18/turn              (no ring)
MPRegen  0.11/turn              (no ring)
                                (no ring)
                                (no ring)

@: no status effects
A: almost no armour, stealthy swim, amphibious, 8 rings, constrict 8, camouflage
1, gelatinous body 1
a: no special abilities


You were on level 5 of the Dungeon.
You were not hungry.

You visited 2 branches of the dungeon, and saw 7 of its levels.

You collected 313 gold pieces.

Inventory:

Hand Weapons
 a - a +2 dagger (weapon)
Missiles
 b - 20 poisoned darts (quivered)
 c - 2 curare-tipped darts
Jewellery
 h - a ring of protection from magic (left tentacle)
Wands
 m - a wand of enslavement (5)
Scrolls
 e - 4 scrolls of identify {unknown}
 g - 3 scrolls of blinking {unknown}
 i - 5 scrolls of teleportation {unknown}
 k - a scroll of random uselessness {unknown}
 l - a scroll of fear {unknown}
 n - 2 scrolls of amnesia {unknown}
 p - a scroll of remove curse {unknown}
Potions
 f - a potion of curing {unknown}
 j - a potion of resistance {unknown}
 o - a potion of brilliance {unknown}
 q - 2 potions of flight {unknown}
 s - a potion of heal wounds {unknown}
 t - a potion of haste {unknown}
Comestibles
 d - 13 rations
 r - 3 chunks of flesh


   Skills:
 + Level 4.6 Fighting
 * Level 8.2 Short Blades
 - Level 2.0 Throwing
 - Level 1.0 Dodging
 - Level 5.3 Stealth


You had 7 spell levels left.
You didn't know any spells.
Your spell library was empty.

Dungeon Overview and Level Annotations

Branches:
Dungeon (6/15)             Temple (1/1) D:4

Altars:
Ashenzari
Elyvilon
Gozag
Hepliaklqana
Kikubaaqudgha
Makhleb
Nemelex Xobeh
Okawaru
Ru
Sif Muna
Wu Jian
Xom
Yredelemnul
The Shining One

Shops:
D:4 !(%(}


Innate Abilities, Weirdness & Mutations

You cannot wear most types of armour.
You are very stealthy in the water. (Stealth+)
You are amphibious.
You can wear up to eight rings at the same time.
You can use your tentacles to constrict eight enemies at once.
Your skin changes colour to match your surroundings (Stealth+).
Your rubbery body absorbs attacks. (AC +1, EV +1)


Message History

You barely miss the sky beast.
The sky beast is lightly wounded.
The sky beast hits you. The sky beast shocks you.
* * * LOW HITPOINT WARNING * * *
You miss the sky beast. You squeeze the sky beast.
The sky beast is moderately wounded.
You hit the sky beast.
The sky beast is heavily wounded.
The sky beast hits you.
* * * LOW HITPOINT WARNING * * *
The sky beast shocks you.
* * * LOW HITPOINT WARNING * * *
You hit the sky beast. Your squeeze misses the sky beast.
The sky beast is heavily wounded.
You hit the sky beast but do no damage.
The sky beast is heavily wounded.
The sky beast flickers out of sight!
Deactivating autopickup; reactivate with Ctrl-A.
Something hits you.
You die...

.......# ### ###
...## ..._...#
...8# #.....##
..(## #.....# #....
#...### ##.$.###
#.#..# #..# #.##.#
##.# #.##.#######
##..## #..........#
#.@..### #.>..
.#.........#
#{##...# ....
...........#
#.##...## #...#####
#..........#
#.#8...8# .......
##....<....#
..##...## .....
#.........# .#
#...# ...
#.........# .#
##...## ###.#
##.#####...#.
#8...8# #...####
#.## #####
####...########..).


There were no monsters in sight!

Vanquished Creatures
  A phantom (D:4)
  3 ogres
  A scorpion (D:5)
  2 howler monkeys (D:4)
  4 crimson imps
  2 hounds (D:5)
  2 bullfrog skeletons (D:5)
  2 worker ants (D:5)
  8 adders
  A river rat (D:5)
  An ooze (D:3)
  2 worms (D:5)
  A dart slug (D:1)
  3 leopard geckos (D:5)
  5 orcs
  A ball python (D:4)
  7 bats
  2 giant cockroaches
  3 hobgoblins
  9 jackals
  4 quokkas
  3 frilled lizards
  4 goblins
  8 kobolds
  5 rats
84 creatures vanquished.

Notes
Turn   | Place    | Note
-------+----------+-------------------------------------------
     0 | D:1      | Ethylacetat the Octopode Assassin began the quest for the
                  | Orb.
     0 | D:1      | Reached XP level 1. HP: 14/14 MP: 1/1
   132 | D:1      | Reached XP level 2. HP: 19/19 MP: 2/2
   758 | D:2      | Reached skill level 3 in Short Blades
   758 | D:2      | Reached XP level 3. HP: 13/25 MP: 3/3
  1598 | D:2      | Found a shimmering altar of Xom.
  2144 | D:3      | Reached XP level 4. HP: 30/30 MP: 4/4
  2213 | D:3      | Found a faded altar of an unknown god.
  2501 | D:3      | Reached skill level 4 in Short Blades
  2970 | D:4      | Reached XP level 5. HP: 20/36 MP: 5/5
  3125 | D:4      | Found Ozesek's Food Emporium.
  3248 | D:4      | Noticed a phantom
  3252 | D:4      | Killed a phantom
  3252 | D:4      | Reached skill level 5 in Short Blades
  3319 | D:4      | Found Lezere's Weapon Emporium.
  3338 | D:4      | Reached XP level 6. HP: 42/42 MP: 6/6
  3426 | D:4      | Found a staircase to the Ecumenical Temple.
  3432 | Temple   | Entered the Ecumenical Temple
  3852 | D:4      | Found Geeruepn's Distillery.
  3875 | D:4      | Found Ovvol's Weapon Shop.
  3965 | D:4      | Found Dass's Gadget Shop.
  3976 | D:4      | Reached skill level 6 in Short Blades
  4012 | D:5      | Entered Level 5 of the Dungeon
  4219 | D:5      | Reached XP level 7. HP: 47/47 MP: 7/7
  4567 | D:5      | Reached skill level 7 in Short Blades
  5000 | D:5      | Found a sacrificial altar of Ru.
  5318 | D:5      | Reached skill level 8 in Short Blades
  5318 | D:5      | Reached XP level 8. HP: 43/54 MP: 8/8
  5595 | D:5      | Slain by a sky beast

Illustrated notes

Levels and vault maps discovered:
D:1:      psy_arrival_spokes, layout_basic
D:2:      layout_basic, lemuel_coloured_pillars_altar, minmay_misc_feat_room
D:3:      layout_loops_corners, chequers_ecumenical_altar_lobes
D:4:      layout_rooms, temple_green, serial_shops,
          nicolae_shop_competitors_out_of_business, shop, shop, shop, shop
D:5:      layout_rooms, grunt_temple_overflow_forces_of_nature,
          gup_sewer_entry_bubbles, basic_altar, first_ration,
          serial_corexii_hall, corexii_hall_statues_x, corexii_hall_statues_s,
          corexii_hall_statues_s, corexii_hall_statues_x
D:6:      layout_loops_ring, kennysheep_mini, nemelex_xobeh_ov_fountains_minmay,
          uniq_sigmund
Temple:   hc_temple_tempest_star

Skill      XL: |  1  2  3  4  5  6  7 |
---------------+----------------------+-----
Short Blades   | 3 4 5 6 8 |  8.2
Fighting       | 3 4 |  4.6
Throwing       | |  2.0
Dodging        | |  1.0
Stealth        | |  5.3

Action                   |  1- 3 |  4- 6 |  7- 9 || total
-------------------------+-------+-------+-------++-------
Melee: Dagger            |    63 |    62 |   119 ||   244
       Constrict         |    14 |    11 |    20 ||    45
       Tentacles         |     5 |    14 |    27 ||    46
Throw: Dart              |       |     2 |     4 ||     6
 Stab: Sleeping          |    10 |     8 |     2 ||    20
  Eat: Chunk             |     4 |     6 |     4 ||    14
Armor: Skin              |     8 |     4 |     1 ||    13
Dodge: Dodged            |    38 |    24 |    46 ||   108
